 Dungeon Crawl Stone Soup version 0.21.1-1-g345015f (webtiles) character file.

18 Iko the Digger (level 2, -1/19 HPs)
             Began as a Formicid Earth Elementalist on June 8, 2018.
             Slain by a bullfrog (8 damage)
             ... on level 3 of the Dungeon.
             The game lasted 00:05:55 (408 turns).

Iko the Digger (Formicid Earth Elementalist)         Turns: 408, Time: 00:05:56

Health: -1/19      AC:  3    Str: 12    XL:     2   Next: 85%
Magic:  0/5        EV: 12    Int: 14    God:
Gold:   17         SH:  0    Dex: 11    Spells: 2/5 levels left

rFire    . . .     SeeInvis +   a - +0 club
rCold    . . .     Gourm    .   (no shield)
rNeg     . . .     Faith    .   c - +0 robe
rPois    .         Spirit   .   (helmet unavailable)
rElec    .         Reflect  .   f - +0 cloak
rCorr    .         Harm     .   (no gloves)
MR       .....                  (no boots)
Stlth    ++........             (no amulet)
HPRegen  0.06/turn              (no ring)
MPRegen  0.09/turn              (no ring)

@: no status effects
A: permanent stasis, dig shafts and tunnels, four strong arms, antennae 3
a: Dig, Shaft Self


You were on level 3 of the Dungeon.
You were not hungry.

You visited 1 branch of the dungeon, and saw 3 of its levels.

You collected 17 gold pieces.

Inventory:

Hand Weapons
 a - a +0 club (weapon)
Missiles
 b - 90 stones (quivered)
Armour
 c - a +0 robe (worn)
 f - a +0 cloak (worn)
Wands
 g - a wand of enslavement (10)
Books
 e - a book of Geomancy

   Spells                             Type                      Level
   a - Sandblast                      Earth                        1
   b - Passwall                       Transmutation/Earth          2
   c - Stone Arrow                    Conjuration/Earth            3
   d - Petrify                        Transmutation/Earth          4
   e - Lee's Rapid Deconstruction     Earth                        5
Comestibles
 d - a ration


   Skills:
 + Level 1.9 Dodging
 + Level 2.5 Stealth
 + Level 2.3 Spellcasting
 + Level 1.1 Transmutations
 + Level 4.4 Earth Magic


You had 2 spell levels left.
You knew the following spells:

 Your Spells              Type           Power        Failure   Level  Hunger
a - Sandblast             Erth           ##....       3%          1    #......
b - Passwall              Tmut/Erth      #.........   11%         2    ###....


Dungeon Overview and Level Annotations

Branches:
Dungeon (3/15)

Altars:

Annotations:
D:2 Terence


Innate Abilities, Weirdness & Mutations

You cannot be hasted, slowed, berserked, paralysed or teleported.
You can dig through walls and to a lower floor.
Your four strong arms can wield two-handed weapons with a shield.
You have a pair of large antennae on your head. (SInv)


Message History

The bullfrog is moderately wounded.
The bullfrog barely misses you. The leopard gecko misses you.
The bullfrog closely misses you. The leopard gecko barely misses you.
You hit the bullfrog.
The bullfrog is heavily wounded.
The bullfrog hits you. The leopard gecko closely misses you.
The bullfrog hits you but does no damage.
You hit the bullfrog.
The bullfrog is heavily wounded.
The bullfrog completely misses you.
The leopard gecko bites you but does no damage.
The leopard gecko barely misses you. The bullfrog closely misses you.
You closely miss the bullfrog.
The bullfrog is heavily wounded.
The bullfrog closely misses you. The leopard gecko barely misses you.
The bullfrog hits you.
You closely miss the bullfrog.
The bullfrog is heavily wounded.
The leopard gecko closely misses you. The bullfrog hits you!
You die...

##
#.#.# {
. #.#.#
#.#<#.#
#.#...#
#..).##
###..#
#..#
#..#
#.@#
#lF#
#..#
#..#
#...
#..#
#...
#.##


You could see a bullfrog and a leopard gecko.

Vanquished Creatures
  An adder (D:2)
  A dart slug (D:1)
  A hobgoblin (D:3)
  A bat (D:1)
  2 goblins (D:1)
  2 kobolds (D:1)
  A rat (D:1)
9 creatures vanquished.

Notes
Turn   | Place    | Note
-------+----------+-------------------------------------------
     0 | D:1      | Iko the Formicid Earth Elementalist began the quest for the Orb.
     0 | D:1      | Reached XP level 1. HP: 13/13 MP: 3/3
    47 | D:2      | Noticed Terence
   278 | D:1      | Reached skill level 4 in Earth Magic
   278 | D:1      | Reached XP level 2. HP: 19/19 MP: 1/5
   364 | D:2      | Learned a level 2 spell: Passwall
   397 | D:3      | Noticed a bullfrog
   408 | D:3      | Slain by a bullfrog

Skill      XL: |  1 |
---------------+----+-----
Earth Magic    | 4 |  4.4
Dodging        | |  1.9
Stealth        | |  2.5
Spellcasting   | |  2.3
Transmutations | |  1.1

Action                   || total
-------------------------++-------
Melee: Club              ||     6
 Cast: Sandblast         ||    17
  Use: Potion            ||     2
       Scroll            ||     1
Armor: Robe              ||     4
Dodge: Dodged            ||    15
